 Dungeon Crawl Stone Soup version 0.20.1-1-g8b1a95d (webtiles) character file.

254 lorenzova the Conjurer (level 5, -3/28 HPs)
             Began as a Deep Elf Conjurer on Oct 25, 2017.
             Slain by Sigmund
             ... wielding a +0 scythe
              (4 damage)
             ... on level 3 of the Dungeon.
             The game lasted 00:09:01 (3677 turns).

lorenzova the Conjurer (Deep Elf Conjurer)          Turns: 3677, Time: 00:09:02

Health: -3/28      AC:  2    Str:  5    XL:     5   Next: 91%
Magic:  7/15       EV: 13    Int: 21    God:
Gold:   86         SH:  0    Dex: 15    Spells: 8/15 levels left

rFire    . . .     SeeInvis .   u - +0 flail (protect)
rCold    . . .     Gourm    .   (no shield)
rNeg     . . .     Faith    .   a - +0 robe
rPois    .         Spirit   .   (no helmet)
rElec    .         Reflect  .   (no cloak)
rCorr    +         Harm     .   (no gloves)
MR       .....                  (no boots)
Stlth    ++........             (no amulet)
Regen    0.1/turn               t - ring of resist corrosion
MPRegen  0.2/turn               (no ring)

@: no status effects
A: no striking features
a: no special abilities


You were on level 3 of the Dungeon.
You were not hungry.

You visited 1 branch of the dungeon, and saw 4 of its levels.

You collected 86 gold pieces.

Inventory:

Hand Weapons
 f - a +0 dagger
 u - a +0 flail of protection (weapon)
Armour
 a - a +0 robe (worn)
Jewellery
 t - a ring of resist corrosion (left hand)
Wands
 r - a wand of flame (18/48)
Scrolls
 d - 4 scrolls of remove curse {unknown}
 j - 3 scrolls of identify {unknown}
 k - a scroll of recharging {unknown}
 m - 2 scrolls of fear {unknown}
 p - a scroll of enchant weapon {unknown}
 s - 2 scrolls of enchant armour {unknown}
Potions
 e - 4 potions of curing {unknown}
 g - 2 potions of mutation {unknown}
 h - a potion of haste {unknown}
 i - 2 potions of cancellation {unknown}
 l - 3 potions of resistance {unknown}
 o - a potion of might {unknown}
 q - a potion of agility {unknown}
Books
 b - a book of Conjurations

   Spells                             Type                      Level
   a - Magic Dart                     Conjuration                  1
   b - Searing Ray                    Conjuration                  2
   c - Dazzling Spray                 Conjuration/Hexes            3
   d - Fulminant Prism                Conjuration/Hexes            4
   e - Force Lance                    Conjuration/Translocation    4
   f - Iskenderun's Mystic Blast      Conjuration                  4
Comestibles
 c - 2 bread rations
 n - 2 meat rations


   Skills:
 - Level 2.4 Dodging
 - Level 2.4 Stealth
 + Level 5.9 Spellcasting
 + Level 6.6 Conjurations


You had 8 spell levels left.
You knew the following spells:

 Your Spells              Type           Power        Failure   Level  Hunger
a - Magic Dart            Conj           ####         1%          1    None
b - Searing Ray           Conj           ####..       1%          2    None
c - Iskenderun's Mystic   Conj           ####....     6%          4    ####...


Dungeon Overview and Level Annotations

Branches:
Dungeon (4/15)
 Temple: D:4-7

Altars:
Zin

Annotations:
D:3 Sigmund


Message History

(Press . to maintain the ray.)
The water moccasin zombie bites you.
The searing ray hits the water moccasin zombie.
The water moccasin zombie is lightly damaged.
The water moccasin zombie bites you.
* * * LOW HITPOINT WARNING * * *
Something completely misses you.
The searing ray hits the water moccasin zombie.
The water moccasin zombie is heavily damaged.
The water moccasin zombie barely misses you.
The searing ray hits the water moccasin zombie.
The water moccasin zombie is almost destroyed.
The searing ray hits something.
You finish channeling your searing ray.
Something hits you.
* * * LOW HITPOINT WARNING * * *
The water moccasin zombie closely misses you.
The water moccasin zombie bites you.
* * * LOW HITPOINT WARNING * * *
Something hits you.
You die...

### #.####.# #### #.#
#.####.##### ...########.#
#.##....##.#
.........##.#######.##.......####
.........##.........##.....#.....
.........##.#######÷.............
.........##.......'..............
......÷.###..######........###.##
........###.÷.{Z@.........<......
...>........#####################
.......##..## # .......÷..##
....{)..### #....#.## #....#†# .
#....#'# #. #....... #.


You could see a water moccasin zombie.

Vanquished Creatures
  A jelly (D:2)
  Ijyb (D:3)
  Jessica (D:3)
  2 worker ants (D:4)
  3 adders
  A howler monkey skeleton (D:4)
  2 oozes
  An adder skeleton (D:4)
  A dart slug (D:3)
  A leopard gecko (D:3)
  7 orcs
  3 giant cockroaches
  7 goblins
  8 hobgoblins
  6 jackals (D:3)
  4 kobolds
  2 quokkas (D:2)
  2 ball pythons
  8 bats
  4 frilled lizards
  5 rats
70 creatures vanquished.

Notes
Turn   | Place    | Note
-------+----------+-------------------------------------------
     0 | D:1      | lorenzova the Deep Elf Conjurer began the quest for the Orb.
     0 | D:1      | Reached XP level 1. HP: 10/10 MP: 6/6
   213 | D:1      | Reached XP level 2. HP: 15/15 MP: 5/8
   217 | D:1      | Learned a level 2 spell: Searing Ray
   518 | D:1      | Reached skill level 5 in Conjurations
   986 | D:2      | Reached XP level 3. HP: 19/19 MP: 8/10
  1973 | D:3      | Noticed Sigmund
  2115 | D:3      | Found a glowing silver altar of Zin.
  2225 | D:3      | Reached XP level 4. HP: 24/24 MP: 7/12
  2400 | D:3      | Learned a level 4 spell: Iskenderun's Mystic Blast
  2692 | D:4      | Noticed a two-headed ogre
  2703 | D:3      | Noticed Ijyb
  2774 | D:2      | Reached skill level 5 in Spellcasting
  2940 | D:3      | Reached skill level 6 in Conjurations
  3024 | D:3      | Killed Ijyb
  3024 | D:3      | Reached XP level 5. HP: 24/28 MP: 1/14
  3236 | D:3      | Noticed Jessica
  3282 | D:3      | Killed Jessica
  3677 | D:3      | HP: 1/28 [water moccasin zombie (4)]
  3677 | D:3      | Slain by Sigmund

Skill      XL: |  1  2  3  4 |
---------------+-------------+-----
Conjurations   | 5 6 |  6.6
Spellcasting   | 4 5 |  5.9
Dodging        | |  2.4
Stealth        | |  2.4

Action                   |  1- 3 |  4- 6 || total
-------------------------+-------+-------++-------
Melee: Unarmed           |     3 |       ||     3
       Dagger            |     9 |    22 ||    31
       Flail             |       |     5 ||     5
 Cast: Magic Dart        |    90 |    58 ||   148
       Searing Ray       |     1 |     4 ||     5
       Iskenderun's Myst |       |     8 ||     8
 Stab: Sleeping          |     1 |       ||     1
  Eat: Chunk             |     3 |     2 ||     5
       Meat ration       |       |     1 ||     1
Armor: Robe              |     4 |     7 ||    11
Dodge: Dodged            |    14 |    34 ||    48
